[Event "Titled Tuesday Blitz February 14 Early 2023"]
[White "Stoleriu, George"]
[Black "Forgacs, Attila Jr."]
[WhiteFideId "1227505"]
[BlackFideId "773654"]
[WhiteElo "2390"]
[BlackElo "2264"]
[Result "1-0"]
[Round "04"]
[TimeControl "180+2"]
[Date "2023.02.15"]
[WhiteClock "0:01:01"]
[BlackClock "0:01:57"]

1. e4 e5 2. Nf3 Nc6 3. Bb5 a6 4. Ba4 Nf6 5. d3 g6 6. Bxc6 dxc6 7. Nxe5 Bg7 8. Nf3 O-O 9. O-O c5 10. Nbd2 b6 11. a4 Bb7 12. Nc4 b5 13. Na5 Bc8 14. axb5 axb5 15. Nc6 Rxa1 16. Nxd8 Rxd8 17. Qe2 Nd7 18. Bg5 Rxf1+ 19. Kxf1 f6 20. Bf4 c6 21. Qe1 Re8 22. Qa5 f5 23. e5 Nxe5 24. Bxe5 Bxe5 25. Nxe5 Rxe5 26. Qd8+ Re8 27. Qxe8+ 1-0


[Site "https://www.chess.com"]

[Event "Titled Tuesday Blitz February 14 Early 2023"]
[White "Andrews, Todd"]
[Black "Skliarov, Viktor"]
[WhiteFideId "2012456"]
[BlackFideId "14106736"]
[WhiteElo "2220"]
[BlackElo "2383"]
[Result "1-0"]
[Round "04"]
[TimeControl "180+2"]
[Date "2023.02.15"]
[WhiteClock "0:00:24"]
[BlackClock "0:00:06"]

1. e4 c5 2. Nf3 Nc6 3. d3 g6 4. g3 Bg7 5. Bg2 e6 6. O-O Nge7 7. c3 O-O 8. d4 cxd4 9. cxd4 d5 10. e5 Nf5 11. Nc3 b6 12. Bg5 f6 13. exf6 Bxf6 14. Bxf6 Qxf6 15. Re1 Nfxd4 16. Nxd4 Qxf2+ 17. Kh1 Qxd4 18. Nxd5 Qg7 19. Nf4 Rxf4 20. gxf4 Bb7 21. Qd6 Na5 22. Qxe6+ Kh8 23. Qe8+ 1-0


[Site "https://www.chess.com"]

[Event "Titled Tuesday Blitz February 14 Early 2023"]
[White "Piesik, Piotr"]
[Black "Krstulovic, Alex"]
[WhiteFideId "1136194"]
[BlackFideId "760056"]
[WhiteElo "2426"]
[BlackElo "2428"]
[Result "0-1"]
[Round "04"]
[TimeControl "180+2"]
[Date "2023.02.15"]
[WhiteClock "0:00:01"]
[BlackClock "0:00:10"]

1. Nf3 d5 2. g3 Nc6 3. Bg2 Nb8 4. d3 Nf6 5. O-O g6 6. Nbd2 Bg7 7. e4 O-O 8. Qe2 Nc6 9. c3 Bg4 10. h3 Bxf3 11. Nxf3 e5 12. Re1 Re8 13. Qc2 h6 14. b4 d4 15. b5 Na5 16. cxd4 exd4 17. Bb2 c5 18. Qxc5 Rc8 19. Qxd4 Qe7 20. Qxa7 Qb4 21. Rab1 Ra8 22. Qd4 Qxb5 23. e5 Nc6 24. Qh4 Nd7 25. e6 Bxb2 26. exd7 Rxe1+ 27. Rxe1 Kg7 28. Re8 Nd8 29. Rxd8 Bf6 30. Rxa8 Bxh4 31. Nxh4 Qxd7 32. Nf3 Qxd3 33. a4 Qd1+ 34. Kh2 Qc2 35. Ra7 Qxf2 36. Rxb7 Qc5 37. Rb5 Qc4 38. Ra5 g5 39. Ra8 Qd5 40. Nh4 Qe6 41. Nf3 Qd5 42. Ra6 Qd3 43. Rc6 Qe4 44. Rc3 Qxa4 45. Rc7 Qa5 46. Rb7 h5 47. Nd4 g4 48. Ne6+ Kf6 49. Nf4 gxh3 50. Kxh3 Qg5 51. Kh2 h4 52. Rb6+ Kg7 53. Ne2 Qh5 54. Nf4 Qc5 55. Rc6 Qg5 56. Ne2 Qg4 57. Rc2 hxg3+ 58. Nxg3 Qh4+ 59. Bh3 Qf4 60. Rg2 Kf8 61. Kh1 Qe5 62. Nf5 Qe1+ 63. Kh2 Qe5+ 64. Rg3 Qe2+ 65. Rg2 Qe5+ 66. Ng3 Qf4 67. Kg1 Qc1+ 68. Nf1 Qc5+ 69. Rf2 Qg5+ 70. Bg2 Qc5 71. Ng3 Qe3 72. Nf1 Qd4 73. Nh2 Ke7 74. Nf3 Qe3 75. Kf1 Qc1+ 76. Ne1 Qc4+ 77. Re2+ Kf8 78. Kf2 Qf4+ 79. Nf3 Qc4 80. Re3 Qc5 81. Ke2 Qc2+ 82. Nd2 Qa4 83. Be4 Qa6+ 84. Bd3 Qh6 85. Rf3 Qh2+ 86. Rf2 Qe5+ 87. Kf1 Qc3 88. Be4 Qc1+ 89. Kg2 Qc3 90. Nf3 Qe3 91. Bf5 Qf4 92. Nh2 Qg5+ 93. Ng4 Ke7 94. Kg3 Kd6 95. Be4 Ke7 96. Bf3 Qa5 97. Re2+ Kf8 98. Be4 Qc7+ 0-1


[Site "https://www.chess.com"]

[Event "Titled Tuesday Blitz February 14 Early 2023"]
[White "Weetik, Vjacheslav"]
[Black "Manukyan, Sargis V."]
[WhiteFideId "4153472"]
[BlackFideId "13303465"]
[WhiteElo "2423"]
[BlackElo "2253"]
[Result "1-0"]
[Round "04"]
[TimeControl "180+2"]
[Date "2023.02.15"]
[WhiteClock "0:00:03"]
[BlackClock "0:00:07"]

1. d4 c5 2. d5 e6 3. e4 exd5 4. exd5 d6 5. Nc3 g6 6. Bb5+ Bd7 7. a4 Bg7 8. Bf4 Bxc3+ 9. bxc3 Qf6 10. Ne2 Ne7 11. Qb1 O-O 12. Bxd7 Nxd7 13. Qxb7 Nb6 14. O-O Nexd5 15. Bg3 Nxc3 16. Nxc3 Qxc3 17. Bxd6 Rfd8 18. Bc7 Rd7 19. a5 Re8 20. axb6 axb6 21. Qc6 Rde7 22. Bxb6 c4 23. h3 Re6 24. Qd7 Qxc2 25. Bd4 Qd3 26. Rad1 Qf5 27. Qc7 h5 28. Bc3 Qg5 29. Qa7 Qf5 30. Qd4 f6 31. Qxc4 Kg7 32. Rd7+ Kh6 33. Bd2+ g5 34. h4 Kg6 35. hxg5 fxg5 36. Bc3 Rg8 37. Rfd1 h4 38. R7d6 Re8 39. Rd7 h3 40. Qd4 Re1+ 41. Rxe1 Rxe1+ 42. Bxe1 h2+ 43. Kxh2 Kh5 44. g4+ Kh4 45. gxf5+ g4 46. Qh8+ Kg5 47. Rg7+ Kf4 48. Qh6+ Kf3 49. Qe3# 1-0


[Site "https://www.chess.com"]

[Event "Titled Tuesday Blitz February 14 Early 2023"]
[White "Heinemann, Josefine"]
[Black "Jakubowski, Krzysztof"]
[WhiteFideId "12900460"]
[BlackFideId "1112848"]
[WhiteElo "2289"]
[BlackElo "2486"]
[Result "1-0"]
[Round "04"]
[TimeControl "180+2"]
[Date "2023.02.15"]
[WhiteClock "0:00:01"]
[BlackClock "0:00:11"]

1. e4 c5 2. Nf3 e6 3. d4 cxd4 4. Nxd4 Nc6 5. Nc3 Qc7 6. g3 a6 7. Bg2 d6 8. O-O Bd7 9. Nxc6 Bxc6 10. a4 Be7 11. a5 Nf6 12. Re1 O-O 13. Be3 Nd7 14. Na4 Rae8 15. Nb6 Nxb6 16. Bxb6 Qc8 17. c4 f5 18. exf5 Rxf5 19. Bh3 Ref8 20. Bxf5 Rxf5 21. Qe2 Rf6 22. Be3 h6 23. b4 e5 24. Rad1 Bf3 25. Qd3 Qg4 26. b5 Rf5 27. bxa6 bxa6 28. Rb1 Rh5 29. Rb8+ Kf7 30. Qh7 Rxh2 31. Qg8+ Kg6 32. Qe8+ Kf6 33. Kxh2 Be4 34. Qc8 Qf3 35. Qh3 Kg6 36. Re8 Bg5 37. Re6+ Kf7 38. Rxd6 Bf5 39. Qg2 Qh5+ 40. Kg1 e4 41. Bxg5 hxg5 42. Red1 Kg8 43. Qh1 Qe2 44. Rd8+ Kf7 45. Qh5+ Kf6 46. Qe8 e3 47. R1d6+ 1-0


[Site "https://www.chess.com"]

[Event "Titled Tuesday Blitz February 14 Early 2023"]
[White "Iskusnyh, Sergei"]
[Black "Mushini Ajay"]
[WhiteFideId "4120027"]
[BlackFideId "35066188"]
[WhiteElo "2440"]
[BlackElo "2310"]
[Result "1-0"]
[Round "04"]
[TimeControl "180+2"]
[Date "2023.02.15"]
[WhiteClock "0:00:08"]
[BlackClock "0:00:10"]

1. d4 Nf6 2. c4 e6 3. g3 c5 4. Nf3 cxd4 5. Nxd4 Nc6 6. Bg2 d5 7. O-O Bc5 8. Nb3 Bb6 9. cxd5 exd5 10. Nc3 d4 11. Na4 O-O 12. Bg5 Bg4 13. Nac5 Qe7 14. Ne4 Qe5 15. Bxf6 gxf6 16. Re1 f5 17. Ng5 f4 18. Nf3 Qf6 19. Qd2 fxg3 20. hxg3 Rad8 21. Rac1 Ne5 22. Nxe5 Qxe5 23. Bf3 Bf5 24. Qg5+ Kh8 25. g4 Rg8 26. Qh5 d3 27. e3 d2 28. Nxd2 Rxd2 29. Rc4 Qe6 30. Rf4 Bg6 31. Qh4 Rdd8 32. b3 f5 33. g5 Bc7 34. Rd4 Rxd4 35. Qxd4+ Be5 36. Qxa7 Qe7 37. Kf1 Qxg5 38. Qc5 Qf6 39. Rd1 f4 40. e4 Bf7 41. Rd7 Be6 42. Rxb7 Bh3+ 43. Ke2 Bg4 44. Rb6 Bxf3+ 45. Kxf3 Qg7 46. Ke2 Bd4 47. Qb5 Bxb6 48. Qxb6 Qd4 49. Qxd4+ Rg7 50. Kf3 Kg8 51. Qd8+ Kf7 52. Kxf4 Kg6 53. Qe8+ Rf7+ 54. Qxf7+ Kxf7 55. a4 Ke6 56. a5 1-0


[Site "https://www.chess.com"]

[Event "Titled Tuesday Blitz February 14 Early 2023"]
[White "Mika, Tomasz"]
[Black "Panesso Rivera, Henry"]
[WhiteFideId "1132970"]
[BlackFideId "4402707"]
[WhiteElo "2169"]
[BlackElo "2342"]
[Result "1/2-1/2"]
[Round "04"]
[TimeControl "180+2"]
[Date "2023.02.15"]
[WhiteClock "0:00:11"]
[BlackClock "0:00:31"]

1. Nf3 d6 2. c4 g6 3. Nc3 Bg7 4. g3 f5 5. d4 Nf6 6. Bg2 O-O 7. Qc2 c6 8. e4 Nxe4 9. Nxe4 fxe4 10. Qxe4 Bf5 11. Qe3 Na6 12. a3 c5 13. O-O Qd7 14. Re1 Rae8 15. b3 Bg4 16. Bb2 Kh8 17. Ng5 h6 18. Ne6 Bxe6 19. Qxe6 Qxe6 20. Rxe6 cxd4 21. b4 g5 22. Bxb7 Nc7 23. Re4 e5 24. Bc6 Rb8 25. b5 Ne6 26. a4 Nc5 27. Re2 a5 28. Ba3 Rfd8 29. Bxc5 dxc5 30. Be4 Rb6 31. Rd1 Rf8 32. f3 h5 33. h3 Rbf6 34. g4 h4 35. Kg2 Rf4 36. Rd3 Rb8 37. Rb2 Rb6 38. Rb1 Kg8 39. Rb2 Kf8 40. Rb1 Ke7 41. Rb2 Kd6 42. Rb1 Kc7 43. Rb2 Rbf6 44. Rc2 Kb6 45. Re2 Rf8 46. Rdd2 Bf6 47. Rd3 Rd8 48. Rdd2 Be7 49. Rd3 Bd6 50. Bf5 Rxf5 51. gxf5 Rf8 52. Re4 Rxf5 53. Rd2 Bc7 54. Rd3 Kb7 55. Rd2 Kc8 56. Rd3 Kd7 57. Kf2 Ke6 58. Ke2 Bb6 59. Rg4 Kf6 60. Rd1 Bc7 61. Rf1 Bb6 62. Kd3 Bd8 63. Ke4 Ke6 64. Rfg1 Rf7 65. Rb1 Rb7 66. Rbg1 Rf7 67. Rf1 Rb7 68. Rfg1 Rf7 1/2-1/2


[Site "https://www.chess.com"]

[Event "Titled Tuesday Blitz February 14 Early 2023"]
[White "Carnicelli, Valerio"]
[Black "Rian, Kapriaga"]
[WhiteFideId "856185"]
[BlackFideId "7103263"]
[WhiteElo "2370"]
[BlackElo "2089"]
[Result "1-0"]
[Round "04"]
[TimeControl "180+2"]
[Date "2023.02.15"]
[WhiteClock "0:00:27"]
[BlackClock "0:00:06"]

1. e4 c6 2. Nc3 d5 3. Nf3 Bg4 4. h3 Bxf3 5. Qxf3 Nf6 6. Be2 e6 7. O-O Nbd7 8. d4 dxe4 9. Nxe4 Nxe4 10. Qxe4 Bd6 11. b3 O-O 12. Bd3 Nf6 13. Qh4 h6 14. c4 a5 15. Re1 Re8 16. Bb2 a4 17. f4 Qc7 18. d5 Bxf4 19. Bxf6 gxf6 20. dxe6 fxe6 21. Qxf6 Bg5 22. Qg6+ Qg7 23. Qe4 axb3 24. a4 Rad8 25. Kh1 b2 26. Rab1 Bc1 27. Rf1 Rd4 28. Qe2 e5 29. Bf5 e4 30. Rxb2 Bxb2 31. Qxb2 Rf8 32. Be6+ Kh8 33. Rxf8+ Qxf8 34. Qxd4+ Qg7 35. Qxe4 Qa1+ 36. Kh2 Qg7 37. Qf4 b6 38. Qb8+ Kh7 39. Bf5+ 1-0


[Site "https://www.chess.com"]

[Event "Titled Tuesday Blitz February 14 Early 2023"]
[White "Skuhala, Barbara"]
[Black "Vlassov, Nikolai"]
[WhiteFideId "14605465"]
[BlackFideId "4103360"]
[WhiteElo "2153"]
[BlackElo "2283"]
[Result "1/2-1/2"]
[Round "04"]
[TimeControl "180+2"]
[Date "2023.02.15"]
[WhiteClock "0:00:18"]
[BlackClock "0:00:10"]

1. e4 Nc6 2. d4 d5 3. e5 h5 4. Nc3 Bg4 5. Be2 Qd7 6. Be3 O-O-O 7. Qd2 f6 8. f3 Bf5 9. f4 e6 10. Bb5 a6 11. Ba4 Bb4 12. Nge2 fxe5 13. fxe5 Nge7 14. O-O h4 15. a3 Ba5 16. b4 Bb6 17. b5 axb5 18. Bxb5 Ba5 19. Rfb1 Rdg8 20. Qc1 Bg4 21. Qb2 Nf5 22. Bg5 Bb6 23. Kh1 Nfxd4 24. Nxd4 Bxd4 25. Be2 Na5 26. Bxg4 Qc6 27. Bd2 Nc4 28. Bxe6+ Qxe6 29. Qxb7+ Kd7 30. Nxd5 Qc6 31. Qxc6+ Kxc6 32. Ne7+ Kd7 33. Nxg8 Bxa1 34. Bb4 Bxe5 35. Ne7 Rb8 36. Ng6 Bf6 37. Rd1+ Kc6 38. Nf4 Ne3 39. Re1 Bd4 40. c3 Bb6 41. Ne6 Nc2 42. Re2 Re8 43. Nd4+ Bxd4 44. Rxe8 Nxb4 45. axb4 Bxc3 46. Rg8 Kb5 47. Rh8 Kxb4 48. Rxh4+ Kb3 49. Rg4 c5 50. h4 c4 51. Kh2 Bf6 52. Rxc4 Kxc4 53. Kg3 Kd5 54. Kg4 Ke4 55. Kh5 Kf5 56. g4+ Ke6 57. g5 Bd4 58. Kg6 Ke7 59. h5 Kf8 60. Kh7 Kf7 61. g6+ Kf8 62. h6 gxh6 63. Kxh6 Bg7+ 64. Kg5 Ke7 65. Kf5 Kd6 66. Kg5 Ke6 67. Kg4 Kf6 68. Kf3 Kg5 69. Kg2 Kxg6 1/2-1/2


[Site "https://www.chess.com"]

[Event "Titled Tuesday Blitz February 14 Early 2023"]
[White "Fan_Of_Chucky"]
[Black "Koellner, Ruben Gideon"]
[BlackFideId "12993093"]
[WhiteElo "2323"]
[BlackElo "2426"]
[Result "0-1"]
[Round "04"]
[TimeControl "180+2"]
[Date "2023.02.15"]
[WhiteClock "0:00:16"]
[BlackClock "0:00:17"]

1. d4 d6 2. Nf3 Nf6 3. c4 g6 4. g3 Bf5 5. Bg2 c6 6. O-O Bg7 7. Nc3 Ne4 8. Nd2 Nxc3 9. bxc3 O-O 10. e4 Bc8 11. Nf3 c5 12. Be3 Nc6 13. dxc5 dxc5 14. Qxd8 Rxd8 15. Bxc5 Bxc3 16. Rad1 Be6 17. Rxd8+ Rxd8 18. Rc1 Bb4 19. Bxb4 Nxb4 20. a3 Na6 21. Bf1 Nc5 22. Ng5 Bc8 23. f3 Rd2 24. Nh3 Bxh3 25. Bxh3 Rd3 26. f4 Rxa3 27. Rd1 Rd3 28. Ra1 a6 29. e5 e6 30. Rb1 Nb3 31. Bg2 b6 32. Bf1 Rc3 33. c5 Nxc5 34. Rxb6 a5 35. Rb8+ Kg7 36. Ra8 a4 37. Bb5 a3 38. Ra7 Nd3 39. Bxd3 Rxd3 40. Ra8 Rb3 41. Kg2 Rb2+ 42. Kh3 a2 43. Kg4 Rxh2 44. Kf3 h5 45. Ke3 Rb2 46. Kf3 g5 47. fxg5 Kg6 48. Kf4 Rf2+ 49. Ke3 Rc2 50. Kf4 Rb2 51. Rg8+ Kh7 52. Ra8 Kg7 53. Kf3 Rc2 54. Kf4 Rf2+ 55. Ke3 Rc2 56. Kf4 Kg6 57. Rg8+ Kh7 58. Ra8 Rb2 59. Ra7 Kg6 60. Ra8 Rb4+ 61. Kf3 Kxg5 62. Rxa2 Rb5 63. Ra7 Rxe5 64. Rxf7 Rf5+ 65. Rxf5+ Kxf5 66. Ke3 Kg4 67. Kf2 e5 68. Kg2 e4 69. Kf2 e3+ 70. Kxe3 Kxg3 71. Ke2 Kg2 72. Ke3 h4 73. Kf4 h3 74. Kg5 h2 75. Kf5 h1=Q 76. Kf6 Qf1+ 77. Ke5 Qf3 78. Ke6 Qg4+ 79. Kd5 Qg3 80. Kc6 Qf3+ 81. Kb5 Kf2 82. Kc5 Qe3+ 83. Kb5 Ke2 84. Kc6 Qd3 85. Kb7 Qc4 86. Ka7 Qb5 87. Ka8 Kd3 88. Ka7 Kc4 89. Ka8 Kc5 0-1


[Site "https://www.chess.com"]

[Event "Titled Tuesday Blitz February 14 Early 2023"]
[White "Domingo Nunez, Ruben"]
[Black "Piriflillo"]
[WhiteFideId "22245570"]
[WhiteElo "2416"]
[BlackElo "2337"]
[Result "1-0"]
[Round "04"]
[TimeControl "180+2"]
[Date "2023.02.15"]
[WhiteClock "0:00:06"]
[BlackClock "0:00:13"]

1. b3 d5 2. Bb2 Nf6 3. c4 c6 4. Nf3 Bf5 5. e3 e6 6. Be2 h6 7. O-O Be7 8. h3 O-O 9. d4 Nbd7 10. Nc3 Rc8 11. Rc1 dxc4 12. Bxc4 c5 13. Qe2 a6 14. dxc5 Nxc5 15. Rfd1 Qa5 16. a3 Nce4 17. Nxe4 Nxe4 18. Rd7 b5 19. Rxe7 bxc4 20. Rxc4 Qb5 21. Nd4 Qa5 22. b4 Qd8 23. Rxc8 Qxe7 24. Qxa6 Bg6 25. Qa8 Rxc8 26. Qxc8+ Kh7 27. Nf3 Bh5 28. Qc2 Bxf3 29. gxf3 Qg5+ 30. Kf1 f5 31. fxe4 Qh4 32. exf5 Qxh3+ 33. Ke1 exf5 34. b5 Qh1+ 35. Kd2 Qd5+ 36. Qd3 Qa2 37. Qxf5+ Kg8 38. Qc8+ Kh7 39. Qc3 Qd5+ 40. Kc1 Qxb5 41. Qxg7# 1-0


[Site "https://www.chess.com"]

[Event "Titled Tuesday Blitz February 14 Early 2023"]
[White "Koridze, Lile"]
[Black "Horobetz, Graham"]
[WhiteFideId "13612514"]
[BlackFideId "2047322"]
[WhiteElo "2191"]
[BlackElo "2140"]
[Result "1-0"]
[Round "04"]
[TimeControl "180+2"]
[Date "2023.02.15"]
[WhiteClock "0:00:45"]
[BlackClock "0:00:22"]

1. d4 Nf6 2. c4 d6 3. Nc3 g6 4. e4 Bg7 5. Nf3 O-O 6. Be2 Nbd7 7. O-O e5 8. d5 Nc5 9. Qc2 a5 10. a3 Nh5 11. Be3 f5 12. Bxc5 dxc5 13. exf5 Bxf5 14. Bd3 Nf4 15. Bxf5 gxf5 16. g3 e4 17. gxf4 exf3 18. Qd3 Qh4 19. Qxf3 Ra6 20. Kh1 Rg6 21. Rg1 Bd4 22. Rxg6+ hxg6 23. Rg1 Kg7 24. Qg3 Qxg3 25. Rxg3 Re8 26. Nb5 Bxf2 27. Rf3 Re1+ 28. Kg2 Bd4 29. Nxc7 Re2+ 30. Kh3 Kf6 31. Rg3 Rxb2 32. d6 Kf7 33. Nd5 Bf6 34. Nxf6 Kxf6 35. Rd3 1-0


[Site "https://www.chess.com"]

[Event "Titled Tuesday Blitz February 14 Early 2023"]
[White "Tinmaz, Kerem"]
[Black "Papp, Levente"]
[WhiteFideId "44559151"]
[BlackFideId "751243"]
[WhiteElo "2177"]
[BlackElo "2353"]
[Result "1-0"]
[Round "04"]
[TimeControl "180+2"]
[Date "2023.02.15"]
[WhiteClock "0:00:13"]
[BlackClock "0:00:28"]

1. e4 e6 2. d4 d5 3. Nd2 Nc6 4. Ngf3 Nf6 5. e5 Nd7 6. c3 f6 7. exf6 Qxf6 8. Bd3 e5 9. O-O e4 10. Re1 Be7 11. Bxe4 dxe4 12. Nxe4 Qg6 13. Qb3 Qf7 14. Neg5 Qxb3 15. axb3 Nf6 16. Bf4 h6 17. Ne6 Bxe6 18. Rxe6 Kf7 19. Ree1 Bd6 20. Ne5+ Bxe5 21. dxe5 Nd5 22. e6+ Ke7 23. Bg3 Rac8 24. c4 Nf6 25. b4 Rhd8 26. b5 Nd4 27. Rxa7 Ne2+ 28. Kf1 Nxg3+ 29. hxg3 b6 30. b4 Rd6 31. c5 Rxe6 32. cxb6 Rxe1+ 33. Kxe1 Kd7 34. bxc7 Rxc7 35. b6 Nd5 36. bxc7 Nxc7 37. Ke2 Kc6 38. Rxc7+ Kxc7 39. Ke3 Kc6 40. Ke4 Kb5 41. Kf5 Kxb4 42. Kg6 Kc3 43. Kxg7 Kd2 44. Kxh6 Ke2 45. g4 Kxf2 46. g5 Kxg2 47. g6 Kg3 48. g7 1-0


[Site "https://www.chess.com"]

[Event "Titled Tuesday Blitz February 14 Early 2023"]
[White "Degenbaev, Aziz"]
[Black "Barrera Rincones, Josmar Joel"]
[WhiteFideId "13802640"]
[BlackFideId "3975487"]
[WhiteElo "2203"]
[BlackElo "1399"]
[Result "1-0"]
[Round "04"]
[TimeControl "180+2"]
[Date "2023.02.15"]
[WhiteClock "0:00:28"]
[BlackClock "0:01:06"]

1. e4 Nf6 2. e5 Nd5 3. d4 d6 4. Nf3 g6 5. Bc4 Nb6 6. Bb3 Bg7 7. Ng5 O-O 8. e6 f5 9. Nf7 Qe8 10. O-O d5 11. Re1 Nc6 12. c3 Nd8 13. Nxd8 Qxd8 14. a4 a5 15. Na3 Qd7 16. exd7 Bxd7 17. Bf4 c6 18. Rxe7 Bf6 19. Re1 Nc8 20. c4 1-0


[Site "https://www.chess.com"]

[Event "Titled Tuesday Blitz February 14 Early 2023"]
[White "Zaksaite, Salomeja"]
[Black "Korobov, Anton"]
[WhiteFideId "12801496"]
[BlackFideId "14105730"]
[WhiteElo "2283"]
[BlackElo "2664"]
[Result "0-1"]
[Round "04"]
[TimeControl "180+2"]
[Date "2023.02.15"]
[WhiteClock "0:00:42"]
[BlackClock "0:01:50"]

1. e4 c5 2. Nf3 d6 3. d4 cxd4 4. Nxd4 Nf6 5. Nc3 a6 6. Bc4 e6 7. Bb3 Nbd7 8. f4 Nc5 9. e5 dxe5 10. fxe5 Nxb3 11. axb3 Nd5 12. O-O Be7 13. Ne4 O-O 14. c4 Nb4 15. Be3 Bd7 16. Qg4 Kh8 17. Rad1 Qc7 18. Qg3 Nc6 19. Nxc6 Bxc6 20. Nd6 Bxd6 21. exd6 Qd7 22. c5 f6 23. b4 e5 24. Bd2 Rae8 25. Bc3 Qe6 26. h3 Rf7 27. Rfe1 Rd7 28. Kh2 Qf7 29. Qg4 Qg6 30. Qxg6 hxg6 31. Kg3 Kg8 32. h4 Kf7 33. Rd2 Rh8 34. Rf2 Ke6 35. Rfe2 Rh5 36. Rd2 Rd8 0-1


[Site "https://www.chess.com"]

[Event "Titled Tuesday Blitz February 14 Early 2023"]
[White "AidenRchess"]
[Black "Yuan, Qingyu"]
[BlackFideId "8609772"]
[WhiteElo "2517"]
[BlackElo "2373"]
[Result "1/2-1/2"]
[Round "04"]
[TimeControl "180+2"]
[Date "2023.02.15"]
[WhiteClock "0:00:29"]
[BlackClock "0:00:25"]

1. e4 e5 2. Nf3 Nc6 3. Bb5 Nf6 4. O-O Nxe4 5. d4 Nd6 6. dxe5 Nxb5 7. a4 Nbd4 8. Nxd4 d5 9. exd6 Bxd6 10. Re1+ Be7 11. Bg5 f6 12. Nxc6 Qxd1 13. Rxd1 fxg5 14. Nxe7 Kxe7 15. Nc3 c6 16. Re1+ Kf7 17. Ne4 h6 18. Rad1 Kg6 19. Rd6+ Kf7 20. Rd3 Kg6 21. Rd6+ Kf7 22. Rd3 Kg6 23. Rd6+ 1/2-1/2


[Site "https://www.chess.com"]

[Event "Titled Tuesday Blitz February 14 Early 2023"]
[White "Toncheva, Nadya"]
[Black "Mendonca, Leon Luke"]
[WhiteFideId "2924056"]
[BlackFideId "35028561"]
[WhiteElo "2295"]
[BlackElo "2603"]
[Result "0-1"]
[Round "04"]
[TimeControl "180+2"]
[Date "2023.02.15"]
[WhiteClock "0:00:06"]
[BlackClock "0:01:01"]

1. d4 Nf6 2. c4 c5 3. d5 e6 4. Nc3 exd5 5. cxd5 d6 6. e4 g6 7. f4 Bg7 8. Bb5+ Nfd7 9. a4 O-O 10. Nf3 Na6 11. O-O Nc7 12. Bd3 Re8 13. Be3 Rb8 14. Bf2 a6 15. Bh4 Bf6 16. Bg3 b5 17. axb5 axb5 18. e5 dxe5 19. d6 Na6 20. f5 c4 21. Bc2 Nac5 22. Nd5 g5 23. Qd2 Bb7 24. Nxf6+ Qxf6 25. Nxg5 Ra8 26. Bh4 Rxa1 27. Rxa1 Qh6 28. Rd1 Qxh4 29. Qe3 Qf4 30. Qxf4 exf4 31. f6 Nxf6 0-1


[Site "https://www.chess.com"]

[Event "Titled Tuesday Blitz February 14 Early 2023"]
[White "Robledo, Cristian"]
[Black "Bilych, Olexiy"]
[WhiteFideId "133450"]
[BlackFideId "14156504"]
[WhiteElo "2270"]
[BlackElo "2441"]
[Result "0-1"]
[Round "04"]
[TimeControl "180+2"]
[Date "2023.02.15"]
[WhiteClock "0:00:02"]
[BlackClock "0:00:26"]

1. d4 Nf6 2. Bg5 d5 3. Bxf6 exf6 4. e3 c6 5. c4 dxc4 6. Bxc4 Nd7 7. Nc3 Bd6 8. Nf3 O-O 9. Qc2 g6 10. h4 f5 11. h5 Nf6 12. hxg6 hxg6 13. O-O-O b5 14. Bb3 a5 15. a4 b4 16. Ne2 Ne4 17. Nf4 Kg7 18. Ne5 Bxe5 19. dxe5 Qe7 20. Rh2 Qxe5 21. Rdh1 Nf6 22. Kb1 c5 23. Ka2 Ba6 24. Bc4 Bb7 25. Nd3 Qe7 26. b3 Rad8 27. Qb2 Rh8 28. Rxh8 Rxh8 29. Rxh8 Kxh8 30. f3 Kg7 31. g4 fxg4 32. fxg4 Qxe3 33. g5 Qxg5 34. Qf2 Ne4 35. Qxf7+ Kh6 36. Qf8+ Kh5 37. Qh8+ Kg4 0-1


[Site "https://www.chess.com"]

[Event "Titled Tuesday Blitz February 14 Early 2023"]
[White "Zemlyanskii, Ivan"]
[Black "dodoucb"]
[WhiteFideId "24249971"]
[WhiteElo "2300"]
[BlackElo "2485"]
[Result "1-0"]
[Round "04"]
[TimeControl "180+2"]
[Date "2023.02.15"]
[WhiteClock "0:00:08"]
[BlackClock "0:00:08"]

1. d4 d5 2. Bf4 Nf6 3. e3 c5 4. c3 Nc6 5. Nd2 e6 6. Bd3 Bd6 7. Bxd6 Qxd6 8. f4 O-O 9. Ngf3 Ng4 10. Bxh7+ Kh8 11. Ng5 e5 12. fxe5 Ncxe5 13. dxe5 Qxe5 14. Ndf3 Qe7 15. O-O f6 16. Nh4 Qxe3+ 17. Kh1 Qxg5 18. Ng6+ Kxh7 19. Nxf8+ Kg8 20. Qf3 Kxf8 21. h3 Ne3 22. Rf2 Bd7 23. Re1 Re8 24. Rfe2 d4 25. cxd4 cxd4 26. Qxb7 Qc5 27. Qxd7 Qe5 28. Rd2 Qg3 29. Rde2 Qe5 30. b4 Re7 31. Qd8+ Kf7 32. Rd2 Nf5 33. Rxe5 Re6 34. Qd7+ 1-0


[Site "https://www.chess.com"]

[Event "Titled Tuesday Blitz February 14 Early 2023"]
[White "AyMitecK"]
[Black "Erdogdu, Mert"]
[BlackFideId "6301495"]
[WhiteElo "2484"]
[BlackElo "2413"]
[Result "0-1"]
[Round "04"]
[TimeControl "180+2"]
[Date "2023.02.15"]
[WhiteClock "0:00:12"]
[BlackClock "0:00:16"]

1. e4 c5 2. Nf3 d6 3. Bb5+ Nc6 4. O-O Bd7 5. Re1 Nf6 6. c3 a6 7. Bf1 Bg4 8. h3 Bxf3 9. Qxf3 e6 10. d3 Be7 11. Bf4 O-O 12. Nd2 d5 13. e5 Nd7 14. g4 Bg5 15. Qe3 d4 16. cxd4 cxd4 17. Qg3 Rc8 18. Bxg5 Qxg5 19. f4 Qe7 20. Ne4 Nb4 21. Nd6 Rc2 22. a3 Nd5 23. Re2 Rxe2 24. Bxe2 g5 25. f5 Nf4 26. Bf1 Nxe5 27. Ne4 exf5 28. gxf5 f6 29. h4 h6 30. hxg5 hxg5 31. Re1 Qg7 32. Nc5 Re8 33. Bg2 b6 34. Ne6 Nxe6 35. fxe6 Qe7 36. Bd5 Kg7 37. b4 Qd6 38. Bb3 Rh8 39. Re4 Rc8 40. Qf2 Rc3 41. Rxd4 Qxd4 42. e7 Qg4+ 43. Kh2 Qh5+ 44. Kg2 Rxd3 45. Bc2 Qh3+ 46. Kg1 Rg3+ 47. Qxg3 Qxg3+ 48. Kf1 Kf7 49. Bg6+ 0-1


[Site "https://www.chess.com"]

[Event "Titled Tuesday Blitz February 14 Early 2023"]
[White "Devaev, Alexander"]
[Black "Starozhilov, Leonid"]
[WhiteFideId "4169395"]
[BlackFideId "14106752"]
[WhiteElo "2325"]
[BlackElo "2313"]
[Result "0-1"]
[Round "04"]
[TimeControl "180+2"]
[Date "2023.02.15"]
[WhiteClock "0:00:03"]
[BlackClock "0:00:05"]

1. d4 Nf6 2. c4 g6 3. Nc3 Bg7 4. e4 d6 5. Nf3 Bg4 6. Be2 O-O 7. Ng1 Bd7 8. h3 a6 9. Qc2 Nc6 10. Nf3 e5 11. d5 Nd4 12. Qd1 c5 13. dxc6 bxc6 14. O-O c5 15. Be3 Rb8 16. b3 a5 17. Rb1 Bc6 18. Bd3 Nh5 19. Nd5 Bxd5 20. cxd5 Qb6 21. Nxd4 cxd4 22. Bd2 Rfc8 23. g3 Nf6 24. Qe1 Ra8 25. a4 Nd7 26. b4 axb4 27. Rxb4 Qa7 28. Bb5 Nc5 29. Qb1 Rab8 30. Kg2 Bf6 31. Rc1 Bd8 32. Rbc4 Ba5 33. Bg5 Kg7 34. Rd1 Bc3 35. Qc1 f6 36. Bh6+ Kf7 37. h4 Nxe4 38. Rxc8 Rxc8 39. Bc6 Rb8 40. Qc2 f5 41. Bc1 Qb6 42. h5 Qb3 43. Qe2 Kg7 44. Rh1 d3 45. Qxd3 Bd4 46. Qe2 Nc3 47. Qf3 Ne4 48. h6+ Kf7 49. Qe2 Nf6 50. Rd1 Qb6 51. Be3 Bxe3 52. Qxe3 Qxe3 53. fxe3 Rb2+ 54. Kf1 Ra2 55. Rb1 Ne4 56. Rb7+ Kf6 57. Rxh7 Nxg3+ 58. Ke1 f4 59. exf4 exf4 60. Rh8 f3 61. Rf8+ Kg5 62. Rxf3 Nf5 63. h7 Rh2 64. Bd7 Rh1+ 65. Kd2 Rh2+ 66. Kc3 Rxh7 67. Bxf5 gxf5 68. Kd4 Kg4 69. Rf1 Ra7 70. Ra1 f4 71. a5 f3 72. a6 f2 73. Ke3 Kg3 0-1


[Site "https://www.chess.com"]

[Event "Titled Tuesday Blitz February 14 Early 2023"]
[White "Boyer, Mahel"]
[Black "Colbow, Collin"]
[WhiteFideId "45102422"]
[BlackFideId "16201132"]
[WhiteElo "2489"]
[BlackElo "2408"]
[Result "1-0"]
[Round "04"]
[TimeControl "180+2"]
[Date "2023.02.15"]
[WhiteClock "0:00:17"]
[BlackClock "0:00:03"]

1. e4 e5 2. Nf3 Nc6 3. d4 exd4 4. Nxd4 Nf6 5. Nxc6 bxc6 6. Nd2 d5 7. exd5 cxd5 8. Bb5+ Bd7 9. Bxd7+ Qxd7 10. O-O Be7 11. b3 O-O 12. Bb2 c6 13. h3 Rfe8 14. Qf3 Bb4 15. Bxf6 Bxd2 16. Rad1 Bh6 17. Bc3 Re6 18. Ba1 Qc7 19. Qd3 Rae8 20. c4 dxc4 21. Qxc4 Re2 22. a4 Bd2 23. Qd4 Bh6 24. Qc4 Qb7 25. Bd4 R2e4 26. b4 Rb8 27. Rfe1 Rxe1+ 28. Rxe1 g6 29. Bc5 Bf8 30. Qf4 Bxc5 31. bxc5 Qb4 32. Re8+ Kg7 33. Qxb8 Qxc5 34. Qe5+ Qxe5 35. Rxe5 1-0


[Site "https://www.chess.com"]